 Dungeon Crawl Stone Soup version 0.25.1-1-g288607f (webtiles) character file.

Game seed: 139912880767736359

2 RonnieColeman the Conjurer (level 1, -1/11 HPs)
             Began as an Octopode Conjurer on Sept 16, 2020.
             Killed from afar by a dart slug (4 damage)
             ... with a slug dart
             ... on level 1 of the Dungeon.
             The game lasted 00:00:29 (249 turns).

RonnieColeman the Conjurer (Octopode Conjurer)       Turns: 249, Time: 00:00:30

Health: -1/11      AC:  1    Str:  7    XL:     1   Next: 30%
Magic:  0/3        EV: 13    Int: 17    God:
Gold:   0          SH:  0    Dex: 12    Spells: 3/4 levels left

rFire    . . .     SeeInvis .   a - +0 club
rCold    . . .     Gourm    .   (no shield)
rNeg     . . .     Faith    .   (helmet restricted)
rPois    .         Spirit   .   (no amulet)
rElec    .         Reflect  .   (no ring)
rCorr    .         Harm     .   (no ring)
MR       .....                  (no ring)
Stlth    +++.......             (no ring)
HPRegen  0.03/turn              (no ring)
MPRegen  0.08/turn              (no ring)
                                (no ring)
                                (no ring)

@: no status effects
A: almost no armour, stealthy swim, amphibious, 8 rings, constrict 8, camouflage
1, gelatinous body 1
a: no special abilities


You were on level 1 of the Dungeon.
You were not hungry.

You visited 1 branch of the dungeon, and saw 1 of its levels.

Inventory:

Hand Weapons
 a - a +0 club (weapon)
Comestibles
 b - a ration


   Skills:
 + Level 0.1 Fighting
 - Level 2.0 Dodging
 - Level 2.6 Stealth
 * Level 2.0 Spellcasting
 + Level 4.0 Conjurations


You had 3 spell levels left.
You knew the following spells:

 Your Spells              Type           Power        Failure   Level  Hunger
a - Magic Dart            Conj           ###.         3%          1    #......

Your spell library contained the following spells:

 Spells                   Type           Power        Failure   Level  Hunger
 Searing Ray              Conj           ###...       5%          2    ###....
 Dazzling Flash           Conj/Hex       #.....       26%         3    ###....
 Fulminant Prism          Conj/Hex       #.........   63%         4    #####..
 Iskenderun's Mystic Bla  Conj/Tloc      #.......     63%         4    #####..


Dungeon Overview and Level Annotations

Branches:
Dungeon (1/15)

Altars:


Innate Abilities, Weirdness & Mutations

You cannot wear most types of armour.
You are very stealthy in the water. (Stealth+)
You are amphibious.
You can wear up to eight rings at the same time.
You can use your tentacles to constrict eight enemies at once.
Your skin changes colour to match your surroundings (Stealth+).
Your rubbery body absorbs attacks. (AC +1, EV +1)


Message History

Confirm with . or Enter, or press ? or * to list all spells.
You don't have enough magic to cast that spell.
Unknown command.
Casting: Magic Dart (safe; 3% risk of failure)
Confirm with . or Enter, or press ? or * to list all spells.
You don't have enough magic to cast that spell.
Unknown command.
Casting: Magic Dart (safe; 3% risk of failure)
Confirm with . or Enter, or press ? or * to list all spells.
You don't have enough magic to cast that spell.
You hit the dart slug but do no damage. You grab the dart slug.
The dart slug is heavily wounded.
You constrict the dart slug.
The dart slug bites you but does no damage.
You hit the dart slug but do no damage.
The dart slug is severely wounded.
You constrict the dart slug. The dart slug launches a dart at you.
The slug dart hits you.
You die...

♣♣♣ ♣ ..♣♣. ♣ .
♣... ♣♣.♣ ...
...♣♣...♣ ♣...♣
♣....♣♣.♣
♣...♣...♣.r♣ ♣♣♣♣
♣..♣w@♣...♣ ..♣
$......♣..!♣.♣♣ .
♣.♣
...♣♣......♣♣.♣
..♣♣♣<♣ .
♣..♣..(♣..♣.♣.♣
♣..♣♣
...♣♣..♣.♣.♣..♣
♣.♣.♣♣
...♣..♣♣..♣..♣.♣..
♣♣.♣ ......
♣..♣.÷♣♣.♣♣♣♣..♣
♣.♣♣..
..♣..♣.♣..♣..♣♣♣
..
.♣...♣♣.♣♣..♣♣..♣


You could see a dart slug.

Vanquished Creatures
  A hobgoblin (D:1)
  A bat (D:1)
2 creatures vanquished.

Notes
Turn   | Place    | Note
-------+----------+-------------------------------------------
     0 | D:1      | RonnieColeman the Octopode Conjurer began the quest for the
                  | Orb.
     0 | D:1      | Reached XP level 1. HP: 11/11 MP: 3/3
   249 | D:1      | Killed from afar by a dart slug

Illustrated notes

Levels and vault maps discovered:
D:1:      erik_arrival_cave_to_civilisation [erik_arrival_cave_to_temple],
          layout_loops_ring, serial_forest, infiniplex_forest_clump_cross,
          infiniplex_forest_corner_1, infiniplex_forest_lined_room_2,
          infiniplex_forest_end_1, infiniplex_forest_lined_corner,
          infiniplex_forest_lined_room_2, infiniplex_forest_clump_curved

Action                   || total
-------------------------++-------
Melee: Club              ||     3
       Constrict         ||     3
       Unarmed           ||     1
       Tentacles         ||     1
 Cast: Magic Dart        ||     6
Armor: Skin              ||     2
Dodge: Dodged            ||     5
